 Dungeon Crawl Stone Soup version 0.28.0-49-g6dfe1f597d (webtiles) character file.

Game seed: 731086316639167005

70 KittyFluff the Skirmisher (level 4, -6/43 HPs)
             Began as a Gargoyle Berserker on May 17, 2022.
             Was a Believer of Trog.
             Mangled by an ice beast (10 damage)
             ... on level 3 of the Dungeon.
             The game lasted 00:08:07 (2789 turns).

KittyFluff the Skirmisher (Gargoyle Berserker)      Turns: 2789, Time: 00:08:08

Health: -6/43      AC: 10    Str: 20    XL:     4   Next: 22%
Magic:  4/4        EV: 11    Int:  8    God:    Trog [**....]
Gold:   56         SH:  0    Dex: 11    Spells: 3/3 levels left

rFire   . . .      SeeInvis .   a - +0 mace
rCold   . . .      Faith    .   (no shield)
rNeg    + . .      Spirit   .   e - +3 leather armour
rPois   ∞          Reflect  .   (no helmet)
rElec   +          Harm     .   (no cloak)
rCorr   .          Rampage  .   (no gloves)
Will    .....                   (no boots)
Stlth   ..........              (no amulet)
HPRegen 0.14/turn               (no ring)
MPRegen 0.09/turn               (no ring)

@: berserking, very quick
A: sickness immunity, AC +3, negative energy resistance 1, electricity
resistance, torment resistance 1, petrification resistance
a: Renounce Religion, Berserk, Trog's Hand


You were on level 3 of the Dungeon.
You worshipped Trog.
Trog was pleased with you.
You visited 1 branch of the dungeon, and saw 3 of its levels.

You collected 56 gold pieces.

Inventory:

Hand Weapons
 a - a +0 mace (weapon)
 b - a +2 dagger of electrocution
Missiles
 i - 12 arrows
 j - 5 poisoned darts (quivered)
 l - a throwing net
 n - 24 sling bullets
Armour
 e - a +3 leather armour (worn)
Scrolls
 d - a scroll of torment {unknown}
 f - a scroll of identify {unknown}
 g - a scroll of brand weapon {unknown}
 h - a scroll of blinking {unknown}
Potions
 c - a potion of resistance {unknown}
 k - a potion of degeneration {unknown}
 m - a potion of curing {unknown}


   Skills:
 + Level 3.9 Fighting
 + Level 3.7 Maces & Flails
 * Level 3.1 Armour
 + Level 1.9 Dodging
 + Level 0.4 Stealth


You had 3 spell levels left.
You didn't know any spells.
Your spell library was empty.

Dungeon Overview and Level Annotations

Branches:
Dungeon (3/15)

Altars:


Innate Abilities, Weirdness & Mutations

You are immune to sickness and miasma.
Your stone body is resilient. (AC +3)
You are immune to poison.
You resist negative energy. (rN+)
You are resistant to electric shocks. (rElec)
You are resistant to unholy torment.
You are immune to petrification.


Message History

You open the door.
There is an open door here.
There is a stone staircase leading down here.
You climb downwards.
There is a stone staircase leading up here.
You climb upwards.
There is a stone staircase leading down here.
You climb downwards.
There is a stone staircase leading up here.
Found a stone staircase leading up.
Found a stone staircase leading down.
An ice beast comes into view.
Found an escape hatch in the ceiling.
You hit the ice beast but do no damage. The ice beast hits you.
The ice beast freezes you!
You hit the ice beast.
The ice beast is moderately wounded.
The ice beast misses you.
You barely miss the ice beast. Your punch misses the ice beast.
The ice beast is moderately wounded.
The ice beast hits you but does no damage. x2
You barely miss the ice beast.
The ice beast is lightly wounded.
The ice beast hits you but does no damage.
You barely miss the ice beast.
The ice beast is lightly wounded.
The ice beast hits you. The ice beast freezes you!
* * * LOW HITPOINT WARNING * * *
You hit the ice beast.
The ice beast is moderately wounded.
The ice beast misses you.
A red film seems to cover your vision as you go berserk!
You feel yourself moving faster!
You feel mighty!
The ice beast hits you but does no damage.
You hit the ice beast.
The ice beast is heavily wounded.
The ice beast hits you.
* * * LOW HITPOINT WARNING * * *
The ice beast freezes you!
You die...

###### ##
#.##.###########.#####
###<##.<................
................@.......
###.##.#########Y#>.####
........ .....#
........... ........
.....#.###.# ###.#..###
........ .. ..#.<#
##.###.## . ..#..# #.
... #.# .#


You could see an ice beast.

Vanquished Creatures
  2 adders (D:2)
  A worm (D:2)
  2 dart slugs
  3 bats
  9 endoplasms
  4 goblins (D:1)
  A hobgoblin (D:1)
  3 jackals (D:2)
  2 quokkas
  8 ball pythons
  3 kobolds
  4 rats
42 creatures vanquished.

Notes
Turn   | Place    | Note
-------+----------+-------------------------------------------
     0 | D:1      | KittyFluff the Gargoyle Berserker began the quest for the
                  | Orb.
     0 | D:1      | Reached XP level 1. HP: 14/14 MP: 1/1
   291 | D:1      | Reached XP level 2. HP: 7/19 MP: 2/2
  1262 | D:1      | Reached XP level 3. HP: 19/24 MP: 3/3
  2147 | D:2      | Reached ** piety under Trog
  2503 | D:2      | Reached XP level 4. HP: 21/29 MP: 4/4
  2779 | D:3      | Noticed an ice beast
  2789 | D:3      | Mangled by an ice beast

Illustrated notes

Levels and vault maps discovered:
D:1:      amcnicky_arrival_double_pillar, layout_basic, serial_bayou_pond_e
D:2:      layout_basic, chequers_serial_rivers_small_a
D:3:      layout_basic, chequers_ecumenical_altar_simple

Skill      XL: |  1  2  3 |
---------------+----------+-----
Armour         | 3 |  3.1
Fighting       | |  3.9
Maces & Flails | |  3.7
Dodging        | |  1.9
Stealth        | |  0.4

Action                   |  1- 3 |  4- 6 || total
-------------------------+-------+-------++-------
Melee: Mace              |   126 |    18 ||   144
Invok: Berserk           |       |     1 ||     1
Armor: Animal skin       |     8 |       ||     8
       Leather armour    |    46 |    10 ||    56
Dodge: Dodged            |    85 |    11 ||    96
